 Dungeon Crawl Stone Soup version 0.27-a0-931-g5a74e75d8f (webtiles) character file.

Game seed: 11518835158674672103

37 polve the Slasher (level 3, -1/29 HPs)
             Began as a Demonspawn Abyssal Knight on Apr 10, 2021.
             Was a Follower of Lugonu.
             Slain by a gnoll
             ... wielding a +0 whip
              (4 damage)
             ... on level 2 of the Dungeon.
             The game lasted 00:01:11 (1661 turns).

polve the Slasher (Demonspawn Abyssal Knight)       Turns: 1661, Time: 00:01:12

Health: -1/29      AC:  5    Str: 12    XL:     3   Next: 23%
Magic:  4/4        EV: 11    Int: 14    God:    Lugonu [*.....]
Gold:   83         SH:  0    Dex: 12    Spells: 2/2 levels left

rFire    . . .     SeeInvis .   c - +0 scimitar
rCold    . . .     Faith    .   (no shield)
rNeg     . . .     Spirit   .   b - +0 leather armour
rPois    .         Reflect  .   (no helmet)
rElec    .         Harm     .   (no cloak)
rCorr    .         Rampage  .   (no gloves)
Will     .....                  (no boots)
Stlth    +.........             (no amulet)
HPRegen  0.09/turn              (no ring)
MPRegen  0.09/turn              (no ring)

@: no status effects
A: icy blue scales 1, powered by death 1
a: Renounce Religion, Depart the Abyss


You were on level 2 of the Dungeon.
You worshipped Lugonu.
Lugonu was aware of your devotion.
You visited 1 branch of the dungeon, and saw 2 of its levels.
You visited the Abyss 1 time.

You collected 83 gold pieces.

Inventory:

Hand Weapons
 c - a +0 scimitar (weapon)
Armour
 b - a +0 leather armour (worn)
 d - a +0 pair of boots
Scrolls
 a - a scroll of identify {unknown}
Potions
 e - a potion of resistance {unknown}
 f - a potion of heal wounds {unknown}


   Skills:
 - Level 3.0 Fighting
 + Level 3.4 Long Blades
 - Level 1.7 Armour
 - Level 0.8 Dodging
 - Level 2.4 Invocations


You had 2 spell levels left.
You didn't know any spells.
Your spell library was empty.

Dungeon Overview and Level Annotations

Branches:
Dungeon (2/15)

Altars:

Shops:
D:1 *


Innate Abilities, Weirdness & Mutations

You are partially covered in icy blue scales. (AC +2)
You regenerate a little health from kills.


Message History

A worm is nearby!
You barely miss the worm.
The worm is heavily wounded.
You hit the worm.
The worm is severely wounded.
The worm bites you but does no damage.
You hit the worm.
The worm is severely wounded.
The worm bites you but does no damage.
You barely miss the worm.
The worm is severely wounded.
The worm closely misses you.
A worm is nearby!
You slash the worm!
You kill the worm!
Lugonu accepts your kill.
f - a fuming emerald potion A worm and 2 gnolls come into view.
The gnoll shouts!
A gnoll comes into view. It is wielding a +0 spear.
Found a stone staircase leading down.
There are monsters nearby!
There are monsters nearby!
The gnoll hits you but does no damage. x2
You closely miss the gnoll. The gnoll hits you with a +0 halberd!
The gnoll hits you with a +0 whip. The gnoll closely misses you.
You are too injured to fight recklessly!
You are too injured to fight recklessly!
You are too injured to fight recklessly!
You are too injured to fight recklessly!
You are too injured to fight recklessly!
The gnoll barely misses you. The gnoll hits you with a +0 whip.
* * * LOW HITPOINT WARNING * * *
You hit the gnoll but do no damage. The gnoll hits you with a +0 whip.
* * * LOW HITPOINT WARNING * * *
You slash the gnoll!
The gnoll is severely wounded.
The gnoll hits you with a +0 whip.
You die...

#### .## #.).....
..##..#+### #.......
#.........# #.).....
#.........# ####.......
#..g......# #..........
#.g..w.>..# #...####...
#.######### #..........
#w###########....##....
#.g.gg@.....#........##
###########.#.#.#.#..#.
#.#........#.
#.#.#.#.#..#.
#..........#.
#...#.#.#..#.
#..........#
#.#.#...#..#
#.#.#...#..#


You could see a worm and 3 gnolls.

Vanquished Creatures
  A worm (D:2)
  A dart slug (D:1)
  4 ball pythons
  4 bats
  3 endoplasms (D:1)
  A giant cockroach (D:1)
  2 goblins
  3 hobgoblins (D:1)
  4 frilled lizards
  6 kobolds (D:1)
  2 rats (D:1)
31 creatures vanquished.

Notes
Turn   | Place    | Note
-------+----------+-------------------------------------------
     0 | Abyss:1  | polve the Demonspawn Abyssal Knight began the quest for the
                  | Orb.
     0 | Abyss:1  | Reached XP level 1. HP: 18/18 MP: 2/2
    39 | Abyss:1  | Noticed a ynoxinul
    40 | D:1      | Escaped the Abyss
   339 | D:1      | Gained mutation: You are partially covered in icy blue
                  | scales. (AC +2) [demonic ancestry]
   339 | D:1      | Reached XP level 2. HP: 24/24 MP: 3/3
   349 | D:1      | Found a faded altar of an unknown god.
   358 | D:1      | Reached * piety under Lugonu
   926 | D:1      | Found Lugh's Assorted Antiques.
  1122 | D:1      | Gained mutation: You regenerate a little health from kills.
                  | [demonic ancestry]
  1122 | D:1      | Reached XP level 3. HP: 29/29 MP: 4/4
  1661 | D:2      | Slain by a gnoll

Illustrated notes

Levels and vault maps discovered:
D:1:      grunt_arrival_lava_bath, layout_rooms,
          ebering_ecumenical_altar_abandoned, serial_shops, shop_statue,
          minivault_5
D:2:      layout_basic, serial_glass, glass_columns_a, glass_columns_b,
          amcnicky_mini_corridor_feature, minmay_misc_feat_rows

Skill      XL: |  1  2 |
---------------+-------+-----
Long Blades    | 2 3 |  3.4
Fighting       | |  3.0
Armour         | |  1.7
Dodging        | |  0.8
Invocations    | |  2.4

Action                   || total
-------------------------++-------
Melee: Falchion          ||    13
       Scimitar          ||    60
Invok: Depart the Abyss  ||     1
Armor: Leather armour    ||    44
Dodge: Dodged            ||    59
       Rpst.: Falchion   ||     1
       Scimitar          ||    13

Table legend: (Time is in decaauts)
 A = Elapsed time spent in this place.
 B = Non-inter-level travel time spent in this place.
 C = Inter-level travel time spent in this place.
 D = Time resting spent in this place.
 E = Time spent auto-exploring this place.
 F = Levels seen in this place.
 G = Mean time per level.
                   A        B        C        D        E       F      G
               +--------+--------+--------+--------+--------+-----+--------+
         Total |   1677 |   1650 |     27 |      0 |   1439 |   3 |  559.0 |
       Dungeon |   1637 |   1610 |     27 |      0 |   1400 |   2 |  818.5 |
         Abyss |     40 |     40 |      0 |      0 |     39 |   1 |   40.0 |
               +--------+--------+--------+--------+--------+-----+--------+

Top non-repeatable levels by time:
     D:1: 1205 daAuts
     D:2: 432 daAuts
 Abyss:1: 40 daAuts
